 Dungeon Crawl Stone Soup version 0.31.0-11-ge490571c62 (webtiles) character file.

Game seed: 7932483911012488762

2896 SnakkuSnakku7 the Skirmisher (level 9, 0/64 HPs)
             Began as a Merfolk Conjurer on Feb 2, 2024.
             Was a Believer of Dithmenos.
             Slain by an ufetubus (4 damage)
             ... on level 7 of the Dungeon.
             The game lasted 00:11:55 (7079 turns).

SnakkuSnakku7 the Skirmisher (Merfolk Conjurer)     Turns: 7079, Time: 00:11:55

Health: 0/64       AC:  6    Str:  9    XL:     9   Next: 77%
Magic:  12/12      EV: 10    Int: 18    God:    Dithmenos [**....]
Gold:   363        SH:  0    Dex: 14    Spells: 9/12 levels left

rFire   . . .        a - +0 orcbow (freeze)
rCold   . . .        (shield currently unavailable)
rNeg    + . .        i - +0 ring mail
rPois   .            (no helmet)
rElec   .            t - scarf {repulsion}
rCorr   .            (no gloves)
SInv    .            y - +0 pair of boots
Will    .....        n - amulet of magic regeneration
Stlth   ++           k - ring of wizardry
HPRegen 0.30/turn    F - ring of positive energy
MPRegen 0.53/turn

%: repel missiles, wizardry (x1)
@: wreathed by umbra
A: (nimble swimmer 2), mertail
a: Renounce Religion, Shadow Step


You were on level 7 of the Dungeon.
You worshipped Dithmenos.
Dithmenos was pleased with you.
You visited 1 branch of the dungeon, and saw 7 of its levels.

You collected 363 gold pieces.

Inventory:

Hand Weapons
 a - a +0 orcbow of freezing (weapon)
 c - a +0 short sword
 x - a +0 sling
Missiles
 o - 20 poisoned darts
Armour
 i - a +0 ring mail (worn)
 r - a +0 robe
 t - a scarf of repulsion (worn)
 y - a +0 pair of boots (worn)
Jewellery
 k - a ring of wizardry (left hand)
 n - an amulet of magic regeneration (around neck)
 u - a ring of ice
 F - a ring of positive energy (right hand)
Wands
 s - a wand of mindburst (8)
 I - a wand of paralysis (11)
Scrolls
 d - a scroll of enchant armour {unknown}
 e - a scroll of acquirement {unknown}
 h - a scroll of torment {unknown}
 m - 4 scrolls of revelation
 w - 2 scrolls of identify {unknown}
 A - a scroll of teleportation {unknown}
 C - a scroll of brand weapon
 G - a scroll of amnesia {unknown}
 H - a scroll of poison {unknown}
Potions
 b - 3 potions of degeneration {unknown}
 f - 2 potions of attraction
 g - 2 potions of mutation {unknown}
 j - 2 potions of brilliance {unknown}
 l - a potion of might {unknown}
 p - 2 potions of haste {unknown}
 q - a potion of cancellation {unknown}
 v - 2 potions of curing {unknown}
 B - a potion of enlightenment {unknown}
 D - a potion of magic
 E - a potion of resistance {unknown}


   Skills:
 - Level 3.6 Fighting
 + Level 10.2 Ranged Weapons
 - Level 3.1 Throwing
 - Level 2.6 Dodging
 - Level 2.1 Stealth
 - Level 2.0 Spellcasting
 - Level 3.2 Conjurations


You had 9 spell levels left.
You knew the following spells:

 Your Spells              Type           Power      Damage    Failure   Level
a - Magic Dart            Conj           52%        1d5       5%          1
b - Searing Ray           Conj           26%        2d5       9%          2

Your spell library contained the following spells:

 Spells                   Type           Power      Damage    Failure   Level
 Necrotise                Necr           4%         1d4       21%         1
 Blink                    Tloc           2%         N/A       28%         2
 Call Imp                 Summ           2%         N/A       28%         2
 Vampiric Draining        Necr           1%         2d6       50%         3
 Fulminant Prism          Conj/Alch      3%         3d5       67%         4
 Iskenderun's Mystic Bla  Conj/Tloc      7%         2d4       67%         4
 Martyr's Knell           Necr/Summ      1%         N/A       86%         4
 Curse of Agony           Necr           1%         N/A       99%         5


Dungeon Overview and Level Annotations

Branches:
Dungeon (7/15)             Temple (0/1) D:5

Altars:
Dithmenos
Elyvilon
Fedhas
Makhleb
Ru
Sif Muna
Wu Jian
Yredelemnul


Innate Abilities, Weirdness & Mutations

((You are very nimble when in or above water. (Stealth+, EV+, Speed+++)))
Your lower body shifts to a powerful aquatic tail in water.


Message History

The ufetubus barely misses you. The ufetubus hits you.
The ufetubus barely misses you. The ufetubus attacks as it pursues you!
The ufetubus barely misses you. The ufetubus closely misses you.
The ufetubus hits you.
* * * LOW HITPOINT WARNING * * *
The ufetubus barely misses you.
A sleepcap comes into view.
There is an open door here.
The ufetubus attacks as it pursues you! The ufetubus completely misses you.
The ufetubus hits you but does no damage.
The ufetubus hits you.
* * * LOW HITPOINT WARNING * * *
The ufetubus barely misses you. The ufetubus attacks as it pursues you!
The ufetubus closely misses you. The ufetubus hits you.
* * * LOW HITPOINT WARNING * * *
The ufetubus closely misses you. x2
The ufetubus attacks as it pursues you! The ufetubus barely misses you.
The ufetubus hits you.
* * * LOW HITPOINT WARNING * * *
The ufetubus hits you.
* * * LOW HITPOINT WARNING * * *
The ufetubus hits you but does no damage.
The ufetubus hits you.
* * * LOW HITPOINT WARNING * * *
The ufetubus hits you but does no damage.
You see here a hound corpse.
The ufetubus attacks as it pursues you! The ufetubus hits you.
* * * LOW HITPOINT WARNING * * *
The ufetubus hits you.
* * * LOW HITPOINT WARNING * * *
The ufetubus closely misses you. The ufetubus completely misses you.
You see here a scorpion corpse.
Okay, then.
The ufetubus attacks as it pursues you! The ufetubus hits you.
* * * LOW HITPOINT WARNING * * *
The ufetubus misses you. The ufetubus hits you.
You die...

# ##....##.............###..####.
###......######.##.#........##...
#...##...##..#.##.#.#...##.##.#.
#...###†.##..#.##.#.###.##.##.#.
#..###...#........#.# #..#.##.##
##...##..†##.##.####.# ##.#.##...
#.#......#......####.####.#.#####
.###....##.#h..5...#.#...)..#....
.###....##.#####@....#.##..##.###
#.#......#.# #.....#.###.##.#
##...##....# ##.....#.# #.##.# #
.....###...# #....)...# #....###
....###....# #.≈☼≈≈≈..# ###....#
##...##....# #.≈≈≈§§..# #.....
.........#.# #.☼○§≈≈..# ###.>.
####....##.# #.≈≈≈≈≈..# ####
#######.# ##☼☼≈≈≈≈..#


You could see a black bear and an ufetubus.

Vanquished Creatures
  Prince Ribbit (D:7)
  A water moccasin (D:5)
  2 black bears
  2 ice beasts
  3 sky beasts (D:6)
  3 orc warriors
  2 ogres
  A centaur (D:5)
  2 bullfrogs (D:7)
  5 scorpions
  A howler monkey (D:7)
  2 jellies
  A gnoll bouda (D:6)
  2 orc priests (D:7)
  5 hounds
  7 iguanas
  Ijyb (D:3)
  8 orc wizards
  4 gnolls (D:6)
  4 adders
  4 shadow imps
  2 white imps (D:7)
  3 dart slugs (D:3)
  2 ribbon worms
  31 orcs
  7 ball pythons
  6 bats
  10 endoplasms
  A giant cockroach (D:4)
  7 goblins
  7 hobgoblins
  6 jackals
  2 quokkas
  2 frilled lizards
  7 kobolds
  7 rats
161 creatures vanquished.

Notes
Turn   | Place    | Note
-------+----------+-------------------------------------------
     0 | D:1      | SnakkuSnakku7 the Merfolk Conjurer began the quest for the
                  | Orb.
     0 | D:1      | Reached XP level 1. HP: 13/13 MP: 3/3
    85 | D:1      | Reached skill level 1 in Fighting
   168 | D:1      | Reached XP level 2. HP: 18/22 MP: 5/5
   559 | D:1      | Found a faded altar of an unknown god.
   662 | D:1      | Reached XP level 3. HP: 25/28 MP: 6/6
  1045 | D:2      | Learned a level 2 spell: Searing Ray
  1667 | D:3      | Found an ornate altar of the Wu Jian Council.
  1682 | D:3      | Reached XP level 4. HP: 30/36 MP: 7/7
  1718 | D:3      | Reached skill level 1 in Throwing
  2006 | D:3      | Reached XP level 5. HP: 23/41 MP: 8/8
  2117 | D:3      | Noticed Ijyb
  2148 | D:3      | Killed Ijyb
  2149 | D:3      | Reached skill level 1 in Ranged Weapons
  2276 | D:3      | Found a white marble altar of Elyvilon.
  2514 | D:4      | Found a shadowy altar of Dithmenos.
  2573 | D:4      | Became a worshipper of Dithmenos the Shadowed
  2611 | D:4      | Reached skill level 2 in Ranged Weapons
  2611 | D:4      | Reached XP level 6. HP: 38/47 MP: 3/9
  2897 | D:5      | Entered Level 5 of the Dungeon
  2954 | D:5      | Reached skill level 3 in Ranged Weapons
  3044 | D:5      | Reached skill level 4 in Ranged Weapons
  3044 | D:5      | Reached XP level 7. HP: 21/52 MP: 6/10
  3473 | D:5      | Reached skill level 5 in Ranged Weapons
  3670 | D:5      | Found a blossoming altar of Fedhas.
  4126 | D:5      | Found a staircase to the Ecumenical Temple.
  4178 | D:5      | Reached XP level 8. HP: 59/59 MP: 11/11
  4217 | D:5      | Reached skill level 6 in Ranged Weapons
  4504 | D:6      | Reached * piety under Dithmenos
  4695 | D:6      | Reached skill level 7 in Ranged Weapons
  5342 | D:6      | Reached skill level 8 in Ranged Weapons
  5575 | D:6      | Found a sacrificial altar of Ru.
  5575 | D:6      | Found a basalt altar of Yredelemnul.
  5679 | D:6      | Reached XP level 9. HP: 64/64 MP: 2/12
  6097 | D:7      | Found a shimmering blue altar of Sif Muna.
  6261 | D:7      | Reached skill level 9 in Ranged Weapons
  6315 | D:7      | Found a burning altar of Makhleb.
  6354 | D:7      | Reached ** piety under Dithmenos
  6360 | D:7      | Noticed Prince Ribbit
  6392 | D:7      | Killed Prince Ribbit
  7035 | D:7      | Reached skill level 10 in Ranged Weapons
  7072 | D:7      | HP: 3/64 [ufetubus (1)]
  7079 | D:7      | Slain by an ufetubus

Illustrated notes

Levels and vault maps discovered:
D:1:      lemuel_arrival_tunnels, layout_basic,
          ebering_ecumenical_altar_sacrificial, minmay_pentomino_v4
D:2:      layout_basic
D:3:      layout_rooms, nicolae_overflow_crystal_walls,
          mainiacjoe_overflow_catwalk, uniq_ijyb
D:4:      layout_rooms, grunt_dithmenos_smoke_and_mirrors
D:5:      layout_basic, fedhas_bush_and_centaur_altar,
          minmay_temple_entry_overgrown
D:6:      layout_basic, gammafunk_temple_overflow_elements, minmay_pentangle
D:7:      wad_guarded_room, layout_basic, nicolae_sif_muna_condensation,
          mainiacjoe_overflow_alcove_2, uniq_prince_ribbit1

Skill      XL: |  1  2  3  4  5  6  7  8  9 |
---------------+----------------------------+-----
Fighting       | 1 2 3 |  3.6
Throwing       | 3 |  3.1
Ranged Weapons | 2 4 5 8 10 | 10.2
Dodging        | |  2.6
Stealth        | |  2.1
Spellcasting   | |  2.0
Conjurations   | |  3.2

Action                     |  1- 3 |  4- 6 |  7- 9 || total
---------------------------+-------+-------+-------++-------
  Melee: Short sword       |   184 |    76 |       ||   260
         Punch             |     3 |       |       ||     3
         Tailslap          |       |     6 |       ||     6
         Sling             |       |     1 |     1 ||     2
   Fire: Sling             |       |    47 |    30 ||    77
         Orcbow            |       |       |   268 ||   268
  Throw: Dart              |       |     6 |    24 ||    30
   Cast: Magic Dart        |     7 |    21 |     2 ||    30
         Searing Ray       |     1 |    16 |    23 ||    40
  Evoke: Wand              |       |       |     5 ||     5
    Use: Potion            |       |     1 |     3 ||     4
         Scroll            |       |     1 |     2 ||     3
 Armour: Robe              |    29 |       |       ||    29
         Ring mail         |    95 |   113 |   252 ||   460
  Dodge: Dodged            |   113 |   105 |   211 ||   429
         Repelled          |       |       |     2 ||     2
